 Dungeon Crawl Stone Soup version 0.26-a0-412-ga3d1f51b80 (webtiles) character file.

Game seed: 6184290773283321280

5749 ReteAZ the Severer (level 11, 0/75 HPs)
             Began as a Human Fighter on July 24, 2020.
             Was a Follower of Qazlal.
             Slain by an orc warrior
             ... wielding a +0 halberd
              (17 damage)
             ... on level 9 of the Dungeon.
             The game lasted 00:17:04 (13472 turns).

ReteAZ the Severer (Human Fighter)                 Turns: 13472, Time: 00:17:05

Health: 0/75       AC: 12    Str: 20    XL:     11   Next: 5%
Magic:  0/11       EV:  3    Int:  8    God:    Qazlal [*.....]
Gold:   487        SH: 11    Dex: 13    Spells: 10/10 levels left

rFire    . . .     SeeInvis .   a - +1 war axe
rCold    . . .     Faith    .   c - +0 kite shield
rNeg     . . .     Spirit   +   H - +0 plate armour
rPois    .         Reflect  .   t - +0 helmet
rElec    .         Harm     .   (no cloak)
rCorr    .                      (no gloves)
MR       .....                  (no boots)
Stlth    ..........             r - amulet of guardian spirit
HPRegen  0.22/turn              k - ring of flight
MPRegen  0.12/turn              (no ring)

@: no status effects
A: no striking features
a: Renounce Religion, Evoke Flight


You were on level 9 of the Dungeon.
You worshipped Qazlal.
Qazlal was aware of your devotion.
You visited 2 branches of the dungeon, and saw 10 of its levels.
You also visited: Ossuary.

You collected 487 gold pieces.

Inventory:

Hand Weapons
 a - a +1 war axe (weapon)
Missiles
 F - 37 poisoned darts (quivered)
Armour
 b - a +0 scale mail
 c - a +0 kite shield (worn)
 n - a -2 ring mail
 s - a +0 chain mail
 t - a +0 helmet (worn)
 H - a +0 plate armour (worn)
 J - +0 fire dragon scales
Jewellery
 k - a ring of flight (left hand)
 r - an amulet of guardian spirit (around neck)
Wands
 f - a wand of iceblast (11)
 D - a wand of digging (11)
 K - a wand of polymorph (4)
 L - a wand of paralysis (10)
Scrolls
 d - a scroll of fog {unknown}
 g - 6 scrolls of teleportation
 h - 2 scrolls of brand weapon {unknown}
 j - 2 scrolls of amnesia
 l - a scroll of enchant armour {unknown}
 m - 2 scrolls of immolation
 p - a scroll of noise {unknown}
 w - 2 scrolls of blinking
 x - a scroll of remove curse
 y - 3 scrolls of torment {unknown}
 z - 3 scrolls of magic mapping {unknown}
 A - 3 scrolls of identify
 B - a scroll of vulnerability {unknown}
 C - 2 scrolls of enchant weapon
Potions
 e - 8 potions of curing
 i - 4 potions of brilliance
 o - 2 potions of heal wounds
 q - 2 potions of flight
 u - 3 potions of haste
 v - 3 potions of cancellation
 E - a potion of magic {unknown}
 G - a potion of mutation {unknown}
 I - a potion of might


   Skills:
 - Level 3.0 Fighting
 + Level 15.0 Axes
 - Level 3.0 Armour
 - Level 3.0 Shields


You had 10 spell levels left.
You didn't know any spells.
Your spell library contained the following spells:

 Spells                   Type           Power        Failure   Level
 Corona                   Hex            #......      100%        1
 Foxfire                  Conj/Fire      #...         100%        1
 Ensorcelled Hibernation  Hex/Ice        #.....       100%        2
 Confusing Touch          Hex            #.......     100%        3
 Conjure Flame            Conj/Fire      #.......     100%        3
 Dazzling Flash           Conj/Hex       #.....       100%        3
 Inner Flame              Hex/Fire       #.......     100%        3
 Tukima's Dance           Hex            #.......     100%        3
 Sticky Flame             Conj/Fire      #.......     100%        4
 Fireball                 Conj/Fire      #.........   100%        5


Dungeon Overview and Level Annotations

Branches:
Dungeon (9/15)             Temple (1/1) D:7         Ossuary (visited)
   Lair: D:8-11         Orc: D:9-12

Altars:
Ashenzari
Cheibriados
Dithmenos
Elyvilon
Fedhas
Gozag
Hepliaklqana
Kikubaaqudgha
Makhleb
Nemelex Xobeh
Okawaru
Qazlal
Ru
Sif Muna
Trog
Uskayaw
Vehumet
Wu Jian
Yredelemnul
Zin
The Shining One

Shops:
D:7 !=}

Annotations:
D:7 2 transporters, 1 runed translucent door, Crazy Yiuf


Message History

The orc warrior hits you from afar with a +0 halberd!
There is a stone staircase leading up, spattered with blood here.
You slash the yak!
The yak is almost dead.
The yak gores you.
There is a stone staircase leading up, spattered with blood here.
You barely miss the yak.
The yak is almost dead.
The orc warrior hits you from afar with a +0 halberd!
The yak gores you.
There is a stone staircase leading up, spattered with blood here.
You slash the yak!
You kill the yak!
Qazlal accepts your kill.
The orc warrior hits you from afar with a +0 halberd!
* * * LOW HITPOINT WARNING * * *
There is a stone staircase leading up, spattered with blood here.
There is a stone staircase leading up, spattered with blood here.
The orc warrior hits you from afar with a +0 halberd!!
You die...

...........# .
...........# ..
.......(...### ...
...........'.# ....
...........#.# .....
...........#o###......
..........o#...o......
..........†#####......
..........@# .....
..........># ....
...........# ...
############ .. #


You could see an orc warrior.

Vanquished Creatures
  Harold (D:7)
  A two-headed ogre (D:6)
  Pikel (D:7)
  Psyche (D:8)
  Prince Ribbit (D:7)
  Grinder (D:4)
  3 yaks
  Menkaure (D:6)
  Duvessa (D:7)
  2 orc warriors (D:6)
  3 sky beasts (D:7)
  A phantom (D:4)
  4 ogres
  A centaur (D:5)
  A lemure (D:7)
  3 bullfrogs
  A wyvern zombie (D:7)
  Dowan (D:7)
  A wyvern skeleton (D:7)
  A scorpion (D:7)
  3 killer bees (D:7)
  3 wights (D:7)
  A bullfrog zombie (D:6)
  A hound (D:4)
  5 orc priests
  A bullfrog skeleton (D:4)
  4 worker ants
  2 iguanas
  4 orc wizards
  A hound zombie (D:7)
  13 mummies
  2 howler monkey zombies
  10 adders
  7 gnolls (D:6)
  A shadow imp (D:5)
  3 white imps
  3 ufetubi
  An adder skeleton (D:8)
  5 worms
  2 dart slugs (D:2)
  6 leopard geckos
  30 orcs
  3 ball pythons
  7 bats
  8 giant cockroaches
  7 goblins
  6 hobgoblins
  2 quokkas
  5 frilled lizards
  2 gnoll skeletons (Ossuary)
  3 goblin skeletons (Ossuary)
  A goblin zombie (D:5)
  2 kobolds
  2 kobold skeletons (Ossuary)
  An orc skeleton (Ossuary)
  An orc zombie (D:5)
  4 rats
  11 rat skeletons (Ossuary)
  A spectral orc (D:7)
  A butterfly (D:7)
205 creatures vanquished.

Notes
Turn   | Place    | Note
-------+----------+-------------------------------------------
     0 | D:1      | ReteAZ the Human Fighter began the quest for the Orb.
     0 | D:1      | Reached XP level 1. HP: 18/18 MP: 1/1
   423 | D:1      | Reached XP level 2. HP: 24/24 MP: 2/2
   525 | D:1      | Reached skill level 3 in Axes
  1011 | D:2      | Reached XP level 3. HP: 29/29 MP: 3/3
  1436 | D:2      | Reached skill level 4 in Axes
  1436 | D:2      | Reached XP level 4. HP: 30/35 MP: 4/4
  1559 | D:2      | Found a snail-covered altar of Cheibriados.
  1832 | D:2      | Found an ornate altar of the Wu Jian Council.
  2642 | D:3      | Found a sacrificial altar of Ru.
  2643 | D:3      | Found a blossoming altar of Fedhas.
  2695 | D:3      | Reached XP level 5. HP: 10/41 MP: 1/5
  2702 | D:3      | Reached skill level 5 in Axes
  3073 | D:3      | Found a sparkling altar of Nemelex Xobeh.
  3523 | D:4      | Found an iron altar of Okawaru.
  3849 | D:4      | Noticed an ogre
  3858 | D:4      | Killed an ogre
  3858 | D:4      | Reached skill level 6 in Axes
  3858 | D:4      | Reached XP level 6. HP: 33/47 MP: 4/6
  3989 | D:4      | Found a stormy altar of Qazlal.
  4340 | D:5      | Entered Level 5 of the Dungeon
  4646 | D:5      | Found a sand-covered staircase.
  4659 | Ossuary  | Entered an ossuary
  4889 | Ossuary  | Reached XP level 7. HP: 49/52 MP: 7/7
  4914 | Ossuary  | Reached skill level 7 in Axes
  6003 | D:5      | Reached skill level 8 in Axes
  6008 | D:5      | You fall into a shaft and drop 2 floors!
  6008 | D:7      | Noticed Pikel
  6018 | D:7      | Noticed Dowan
  6020 | D:7      | Noticed Duvessa
  6032 | D:7      | Killed Duvessa
  6032 | D:7      | Reached XP level 8. HP: 54/58 MP: 3/8
  6034 | D:7      | Killed Dowan
  6044 | D:7      | Killed Pikel
  6044 | D:7      | Reached skill level 10 in Axes
  6167 | D:7      | Found Jairphi's Jewellery Shop.
  6300 | D:7      | Reached XP level 9. HP: 63/63 MP: 9/9
  6542 | D:7      | Found a transporter.
  6573 | D:7      | Reached skill level 11 in Axes
  6852 | D:7      | Found a staircase to the Ecumenical Temple.
  6872 | Temple   | Entered the Ecumenical Temple
  7700 | D:6      | Noticed a two-headed ogre
  8292 | D:4      | Reached skill level 12 in Axes
  8330 | D:4      | Became a worshipper of Qazlal Stormbringer
  8575 | D:4      | Noticed Grinder
  8588 | D:4      | Killed Grinder
  9179 | D:6      | Noticed Menkaure
  9196 | D:6      | Killed Menkaure
  9526 | D:6      | Killed a two-headed ogre
  9526 | D:6      | Reached skill level 13 in Axes
  9526 | D:6      | Reached XP level 10. HP: 22/70 MP: 2/10
 11370 | D:7      | Found a transporter.
 11384 | D:7      | Noticed Harold
 11397 | D:7      | Killed Harold
 11397 | D:7      | Reached skill level 14 in Axes
 11464 | D:7      | Reached * piety under Qazlal
 11839 | D:7      | Noticed Prince Ribbit
 11852 | D:7      | Killed Prince Ribbit
 11924 | D:7      | Found a runed translucent door.
 11925 | D:7      | Noticed Crazy Yiuf
 12045 | D:7      | Found a basalt altar of Yredelemnul.
 12070 | D:7      | Found Cureuck's Distillery.
 12362 | D:7      | Found Zeler's Gadget Shoppe.
 12393 | D:8      | Found a blossoming altar of Fedhas.
 12514 | D:8      | Found a radiant altar of Vehumet.
 12888 | D:8      | Noticed Psyche
 12895 | D:8      | Killed Psyche
 13018 | D:8      | Found an ancient bone altar of Kikubaaqudgha.
 13224 | D:9      | Reached XP level 11. HP: 46/75 MP: 6/11
 13240 | D:8      | Reached skill level 15 in Axes
 13472 | D:9      | Slain by an orc warrior

Illustrated notes

Levels and vault maps discovered:
D:1:      dpeg_arrival_triangle_fractal, layout_loops_corners
D:2:      layout_loops_ring, kennysheep_slug_shrine,
          nicolae_overflow_crystal_walls
D:3:      layout_basic, nemelex_xobeh_ov_fountains_minmay,
          chequers_temple_overflow_statue_of_worship
D:4:      layout_loops_ring, kennysheep_mini_moat,
          nicolae_qazlal_general_emergency, uniq_grinder
D:5:      layout_gridville, nicolae_ossuary_entry_giza
D:6:      layout_loops_corners, uniq_menkaure
D:7:      gammafunk_cloud_chamber, layout_basic,
          yredelemnul_forgotten_temple_becter, minmay_temple_entry_butterflies,
          serial_shops, nicolae_shop_stone, shop, nicolae_shop_trees,
          minivault_22, uniq_duvessa, uniq_crazy_yiuf_cottage,
          uniq_prince_ribbit1, uniq_harold, uniq_pikel
D:8:      layout_rooms, kennysheep_little_box, fiery_altar_vehumet,
          fedhas_altar_1, uniq_psyche
D:9:      layout_roguey, lemuel_coloured_pillars_altar, uniq_grum
Temple:   minmay_temple_curvy_loop

Skill      XL: |  1  2  3  4  5  6  7  8  9 10 11 |
---------------+----------------------------------+-----
Axes           | 3 4 6 8 10 13 14 15 | 15.0
Fighting       | |  3.0
Armour         | |  3.0
Shields        | |  3.0

Action                   |  1- 3 |  4- 6 |  7- 9 | 10-12 || total
-------------------------+-------+-------+-------+-------++-------
Melee: War axe           |    97 |   171 |   363 |   205 ||   836
Throw: Throwing net      |       |     2 |       |       ||     2
       Dart              |       |       |    19 |     3 ||    22
 Abil: Stop Flying       |       |       |     1 |       ||     1
       Evoke Flight      |       |       |     1 |       ||     1
  Use: Potion            |       |     2 |     5 |       ||     7
       Scroll            |       |     8 |     6 |       ||    14
 Stab: Invisible         |       |       |       |     3 ||     3
Armor: Scale mail        |    51 |       |       |       ||    51
       Ring mail         |       |    33 |       |       ||    33
       Chain mail        |       |    22 |   125 |    13 ||   160
       Skin              |       |       |    22 |       ||    22
       Plate armour      |       |       |       |    64 ||    64
Dodge: Dodged            |    27 |    45 |    46 |    20 ||   138
Block: Kite shield       |    48 |    81 |   118 |    78 ||   325

Table legend: (Time is in decaauts)
 A = Elapsed time spent in this place.
 B = Non-inter-level travel time spent in this place.
 C = Inter-level travel time spent in this place.
 D = Time resting spent in this place.
 E = Time spent auto-exploring this place.
 F = Levels seen in this place.
 G = Mean time per level.
                   A        B        C        D        E       F      G
               +--------+--------+--------+--------+--------+-----+--------+
         Total |  13589 |  13119 |    470 |   4538 |   6182 |  11 | 1235.4 |
       Dungeon |  12052 |  11605 |    447 |   3797 |   5724 |   9 | 1339.1 |
        Temple |    321 |    298 |     23 |    111 |    186 |   1 |  321.0 |
       Ossuary |   1215 |   1215 |      0 |    630 |    272 |   1 | 1215.0 |
               +--------+--------+--------+--------+--------+-----+--------+

Top non-repeatable levels by time:
     D:7: 2663 daAuts
     D:6: 2149 daAuts
     D:4: 1545 daAuts
     D:3: 1346 daAuts
     D:2: 1268 daAuts
     D:5: 1252 daAuts
 Ossuary: 1215 daAuts
     D:1: 1003 daAuts
     D:8: 779 daAuts
  Temple: 321 daAuts
     D:9: 44 daAuts
